 Dungeon Crawl Stone Soup version 0.26-a0-257-g47e9e61525 (webtiles) character file.

Game seed: 17367033561762494291

333 Infinimo the Magician (level 6, -11/41 HPs)
             Began as a Mummy Hedge Wizard on July 10, 2020.
             Was a Follower of Sif Muna.
             Killed from afar by an orc wizard (15 damage)
             ... with a puff of flame
             ... on level 4 of the Dungeon.
             The game lasted 00:05:05 (4553 turns).

Infinimo the Magician (Mummy Hedge Wizard)          Turns: 4553, Time: 00:05:06

Health: -11/41     AC:  6    Str: 13    XL:     6   Next: 27%
Magic:  1/14       EV: 12    Int: 15    God:    Sif Muna [*.....]
Gold:   193        SH:  0    Dex: 12    Spells: 15/16 levels left

rFire    x . .     SeeInvis .   p - +0 short sword (speed)
rCold    + . .     Faith    .   (no shield)
rNeg     + + +     Spirit   .   b - +0 robe
rPois    ∞         Reflect  .   j - +1 helmet
rElec    .         Harm     .   o - +0 cloak
rCorr    .                      (no gloves)
MR       .....                  c - +0 pair of boots
Stlth    ++........             (no amulet)
HPRegen  0.13/turn              (no ring)
MPRegen  0.14/turn              k - ring of flight

@: no status effects
A: no food or potions, fire vulnerability, cold resistance 1, negative energy
resistance 3, torment resistance, unbreathing
a: Channel Magic, Renounce Religion, Evoke Flight


You were on level 4 of the Dungeon.
You worshipped Sif Muna.
Sif Muna was aware of your devotion.
You were not hungry.

You visited 1 branch of the dungeon, and saw 4 of its levels.

You collected 193 gold pieces.

Inventory:

Hand Weapons
 p - a +0 short sword of speed (weapon)
Armour
 b - a +0 robe (worn)
 c - a +0 pair of boots (worn)
 j - a +1 helmet (worn)
 o - a +0 cloak (worn)
Jewellery
 a - an uncursed ring of see invisible {unknown}
 k - a ring of flight (right hand)
Scrolls
 g - a scroll of identify
 h - a scroll of magic mapping
 i - 5 scrolls of fear
 l - a scroll of blinking
 m - a scroll of enchant weapon
 n - a scroll of remove curse


   Skills:
 - Level 1.5 Dodging
 - Level 1.5 Stealth
 + Level 5.9 Spellcasting
 * Level 4.3 Conjurations
   Level 0.7 Summonings
   Level 0.7 Translocations


You had 15 spell levels left.
You knew the following spells:

 Your Spells              Type           Power        Failure   Level
a - Magic Dart            Conj           ###.         2%          1

Your spell library contained the following spells:

 Spells                   Type           Power        Failure   Level
 Blink                    Tloc           N/A          17%         2
 Call Imp                 Summ           #.......     17%         2
 Conjure Flame            Conj/Fire      ##......     19%         3
 Slow                     Hex            #.......     22%         2
 Mephitic Cloud           Conj/Pois/Air  #.......     24%         3


Dungeon Overview and Level Annotations

Branches:
Dungeon (4/15)
 Temple: D:4-7

Altars:
Ashenzari
Sif Muna
Trog
Zin


Innate Abilities, Weirdness & Mutations

You do not eat or drink.
Your flesh is vulnerable to fire.
You are immune to poison.
Your flesh is cold resistant. (rC+)
You are immune to negative energy. (rN+++)
You are immune to unholy pain and torment.
You can survive without breathing.


Message History

Aiming: Magic Dart (safe; 2% risk of failure)
Press: ? - help, Shift-Dir - straight line, f/p - orc wizard
Aim: an orc wizard, wielding a +0 dagger and wearing a +0 robe (severely wounded)
The magic dart hits the orc wizard.
The orc wizard is almost dead.
The orc hits you.
* * * LOW HITPOINT WARNING * * *
The orc wizard hits you with a +0 dagger.
* * * LOW HITPOINT WARNING * * *
Your magical contamination has completely faded away.
You can't drink.
The orc wizard gestures wildly while chanting.
The orc wizard seems to speed up.
The orc wizard casts a spell at you. The orc wizard casts a spell at you.
The puff of frost hits you. You resist.
* * * LOW HITPOINT WARNING * * *
The orc wizard casts a spell at you. The puff of flame hits you!
The fire burns you terribly!
You die...

##. ## ##...#..# .......#
......# ##!##.## ###......##
.. ####.........# ##..#...
#####.#@....<....#
....#....#.#..............###
.............#.##..#.#...%..#
.........##..#o##.#####...###
.......######o.....## ##....#
........#.##........# #...##
.........†..........# #####
.........##..##.##.##
........##########.#


You could see an orc wizard (fast) and an orc.

Vanquished Creatures
  A hound (D:2)
  An orc priest (D:3)
  Natasha (thrice) (D:3)
  3 gnolls (D:3)
  8 adders
  A shadow imp (D:3)
  2 oozes
  3 dart slugs
  2 leopard geckos
  4 orcs
  A ball python (D:3)
  4 giant cockroaches
  8 goblins
  4 hobgoblins
  5 jackals
  8 kobolds
  A quokka (D:4)
  6 bats
  5 frilled lizards
  A quokka skeleton (D:4)
  7 rats
78 creatures vanquished.

Notes
Turn   | Place    | Note
-------+----------+-------------------------------------------
     0 | D:1      | Infinimo the Mummy Hedge Wizard began the quest for the
                  | Orb.
     0 | D:1      | Reached XP level 1. HP: 13/13 MP: 5/5
   183 | D:1      | Reached skill level 1 in Conjurations
   431 | D:1      | Reached XP level 2. HP: 13/19 MP: 1/7
  1464 | D:2      | Reached XP level 3. HP: 24/24 MP: 4/8
  1634 | D:2      | Found a shimmering blue altar of Sif Muna.
  1635 | D:2      | Found a glowing silver altar of Zin.
  1638 | D:2      | Found a shattered altar of Ashenzari.
  1640 | D:2      | Became a worshipper of Sif Muna the Loreminder
  2073 | D:2      | Reached XP level 4. HP: 24/30 MP: 0/10
  2270 | D:2      | Reached skill level 5 in Spellcasting
  2651 | D:2      | Found a bloodstained altar of Trog.
  2980 | D:3      | Reached XP level 5. HP: 35/35 MP: 7/12
  3630 | D:3      | Reached * piety under Sif Muna
  3672 | D:3      | Noticed Natasha
  3680 | D:3      | Killed Natasha
  3929 | D:3      | Noticed Natasha
  3934 | D:3      | Killed Natasha
  4020 | D:3      | Noticed Natasha
  4030 | D:3      | Killed Natasha
  4030 | D:3      | Reached XP level 6. HP: 37/41 MP: 4/14
  4553 | D:4      | Killed from afar by an orc wizard

Illustrated notes

Levels and vault maps discovered:
D:1:      onia_arrival_pyramid, layout_basic, serial_forest,
          infiniplex_forest_zigzag_2, infiniplex_forest_clump_curved,
          infiniplex_forest_lined_corner, infiniplex_forest_straight_2,
          infiniplex_forest_lined_3, infiniplex_forest_end_2,
          infiniplex_forest_end_3, infiniplex_forest_clump_medium,
          infiniplex_forest_clump_curved, infiniplex_forest_clump_medium,
          minmay_tripent
D:2:      layout_loops_ring, marbit_many_paths, nicolae_overflow_hidden_temple,
          grunt_temple_overflow_open, first_ration
D:3:      layout_basic, uniq_natasha
D:4:      minmay_chambers_of_twos, layout_cave_pools, dancing_weapons_uskayaw,
          serial_shops, shop, cheibriados_altar_1

Skill      XL: |  1  2  3  4  5 |
---------------+----------------+-----
Conjurations   | 1 2 3 4 |  4.3
Spellcasting   | 5 |  5.9
Dodging        | |  1.5
Stealth        | |  1.5
Summonings     | |  0.7
Translocations | |  0.7

Action                   |  1- 3 |  4- 6 || total
-------------------------+-------+-------++-------
Melee: Dagger            |    18 |     6 ||    24
       Short sword       |       |    10 ||    10
 Cast: Magic Dart        |    83 |   163 ||   246
  Use: Scroll            |       |     7 ||     7
Armor: Robe              |     5 |    25 ||    30
Dodge: Dodged            |    24 |    58 ||    82

Table legend:
 A = Non-vault XP
 B = Vault XP
 C = Vault XP percentage of total XP
 D = Non-vault monster count
 E = Vault monster count
 F = Vault count percentage of total count
                 A         B        C        D         E       F
            +---------+---------+-------+---------+---------+-------
      Total |     437 |      40 |   8.4 |      74 |       4 |   5.1
            +---------+---------+-------+---------+---------+-------
        D:1 |      36 |       4 |  10.0 |      19 |       2 |   9.5
        D:2 |     150 |       1 |   0.7 |      23 |       1 |   4.2
        D:3 |     243 |      35 |  12.6 |      28 |       1 |   3.4
        D:4 |       8 |       0 |   0.0 |       4 |       0 |   0.0
            +---------+---------+-------+---------+---------+-------
